 Dungeon Crawl Stone Soup version 0.32-a0-799-g95e1662365 (webtiles) character file.

Game seed: 8471407682310369302

8644 senseless the Fighter (level 11, 0/90 HPs)
             Began as a Coglin Berserker on Mar 21, 2024.
             Was a High Priest of Trog.
             Succumbed to a green ugly thing's poison
             ... on level 9 of the Dungeon.
             The game lasted 00:23:44 (11528 turns).

senseless the Fighter (Coglin Berserker)           Turns: 11528, Time: 00:23:44

Health: 0/90       AC:  9    Str: 17 (20) XL:     11   Next: 34%
Magic:  11/11      EV: 13    Int:  9 (10) God:    Trog [*****.]
Gold:   456        SH:  0    Dex: 11 (14) Spells: 10/10 levels left

rFire   . . .        y - +1 rapier (venom) {Ingrid}
rCold   + . .        b - +8 short sword of Friendship {speed, rN+ Str+2 Dex-3 Stlth+}
rNeg    + . .        v - +3 leather armour {rC+}
rPois   .            L - +1 helmet {Int+3}
rElec   .            s - scarf {repulsion}
rCorr   .            (no gloves)
SInv    .            j - +0 pair of boots
Will    .....        (amulet unavailable)
Stlth   ++           (ring unavailable)
HPRegen 0.35/turn    (ring unavailable)
MPRegen 0.12/turn    (no gizmo)

%: repel missiles
@: lethally poisoned (0 -> -50), revving
A: off-hand wielding, slow wielding, warmup strikes, no jewellery
a: Invent Gizmo, Renounce Religion, Berserk, Trog's Hand, Brothers in Arms


You were on level 9 of the Dungeon.
You worshipped Trog.
Trog was extremely pleased with you.
You visited 1 branch of the dungeon, and saw 10 of its levels.
You also visited: Ossuary.

You collected 456 gold pieces.

Inventory:

Hand Weapons
 a - a +0 falchion {Anan}
 b - the +8 short sword of Friendship (offhand) {speed, rN+ Str+2 Dex-3 Stlth+}
   (You found it on level 2 of the Dungeon)

   Str+2:     It affects your strength (+2).
   Dex-3:     It affects your dexterity (-3).
   rN+:       It protects you from negative energy.
   Stlth+:    It makes you more stealthy.
 y - a +1 rapier of venom (weapon) {Ingrid}
 O - a +3 short sword
 S - a +4 dagger
Missiles
 o - 3 atropa-tipped darts
 q - 4 poisoned darts
 r - 4 curare-tipped darts
 x - 8 boomerangs (quivered)
 A - 3 darts of dispersal
 N - 3 throwing nets
 R - 2 javelins
Armour
 j - a +0 pair of boots (worn)
 s - a scarf of repulsion (worn)
 v - a +3 leather armour of cold resistance (worn)
 J - a +2 chain mail of poison resistance
 K - the +0 robe of Hangman {MP+9}
   (You found it on level 7 of the Dungeon)

   MP+9:      It affects your magic capacity (+9).
 L - a +1 helmet of intelligence (worn)
 P - a +2 robe of cold resistance
 V - a +2 chain mail of willpower
Talismans
 F - the serpent talisman "Piet" {+Blink Dex-2 Slay+6 SInv}
   (You found it on level 6 of the Dungeon)

   [serpent talisman]

   Dex-2:     It affects your dexterity (-2).
   Slay+6:    It affects your accuracy & damage with ranged weapons and melee
   (+6).
   SInv:      It lets you see invisible.
   +Blink:    It lets you blink.
Wands
 u - a wand of quicksilver (10)
 G - a wand of polymorph (6)
 T - a wand of iceblast (7)
 W - a wand of mindburst (9)
Scrolls
 d - 2 scrolls of fear
 h - 7 scrolls of identify
 i - 7 scrolls of teleportation
 m - 2 scrolls of fog
 p - 4 scrolls of poison
 t - 2 scrolls of silence
 B - a scroll of immolation {unknown}
 C - 6 scrolls of enchant armour {unknown}
 D - a scroll of vulnerability {unknown}
 H - a scroll of amnesia {unknown}
 M - a scroll of noise {unknown}
 U - a scroll of acquirement {unknown}
Potions
 c - a potion of might {unknown}
 e - 4 potions of lignification
 f - a potion of mutation {unknown}
 g - 3 potions of haste
 k - a potion of heal wounds
 l - 2 potions of berserk rage {unknown}
 n - 2 potions of degeneration
 w - 3 potions of invisibility {unknown}
 z - 6 potions of curing {unknown}
 E - 2 potions of resistance {unknown}
 Q - a potion of attraction {unknown}
Miscellaneous
 I - a phantom mirror


   Skills:
 * Level 9.9 Fighting
 * Level 9.7 Long Blades
 + Level 5.9 Throwing
 - Level 2.2 Armour
 * Level 8.6 Dodging


You had 10 spell levels left.
You didn't know any spells.
Your spell library contained the following spells:

 Spells                   Type           Power      Damage    Failure   Level
 Apportation              Tloc           0%         N/A       43%         1
 Magic Dart               Conj           0%         1d3       43%         1
 Necrotise                Necr           0%         1d4       43%         1
 Sting                    Conj/Alch      0%         1d3       43%         1
 Summon Small Mammal      Summ           0%         N/A       43%         1
 Searing Ray              Conj           0%         2d4       58%         2
 Animate Dead             Necr           0%         N/A       99%         4
 Fulminant Prism          Conj/Alch      0%         3d5       99%         4
 Vhi's Electric Charge    Tloc/Air       0%         N/A       99%         4
 Arcjolt                  Conj/Air       0%         1d10      100%        5
 Borgnjor's Vile Clutch   Necr/Erth      0%         N/A       100%        5
 Death Channel            Necr           0%         N/A       100%        6
 Maxwell's Capacitive Co  Air            0%         ∞         100%        8


Dungeon Overview and Level Annotations

Branches:
Dungeon (10/15)            Temple (0/1) D:4             Orc (0/2) D:9
Ossuary (visited)
   Lair: D:8-11

Altars:
Cheibriados
Dithmenos
Fedhas
Gozag
Okawaru
Qazlal
Trog
Xom
Zin

Annotations:
D:8 exclusions: obsidian statue and orange crystal statue
D:10 Sonja


Innate Abilities, Weirdness & Mutations

You can wield a second weapon in your off-hand.
It takes a long time for you to wield or remove held weapons.
Your first few attacks do less damage.
You cannot equip rings or amulets.


Message History

You feel very sick.
The green ugly thing closely misses you.
You closely miss the green ugly thing with your +1 rapier of venom.
The green ugly thing is moderately wounded.
You puncture the green ugly thing with the +8 short sword of Friendship!
You feel very sick. The green ugly thing kicks you!
* * * LOW HITPOINT WARNING * * *
You hit the green ugly thing but do no damage.
The green ugly thing is moderately wounded.
You hit the green ugly thing with your +1 rapier of venom.
You feel sick.
The green ugly thing kicks you but does no damage.
You closely miss the green ugly thing with the +8 short sword of Friendship.
The green ugly thing is heavily wounded.
You hit the green ugly thing with your +1 rapier of venom.
You feel sick.
You closely miss the green ugly thing with your +1 rapier of venom.
The green ugly thing is heavily wounded.
You puncture the green ugly thing with the +8 short sword of Friendship!
You feel sick.
The green ugly thing completely misses you.
You barely miss the green ugly thing with your +1 rapier of venom.
The green ugly thing is severely wounded.
You puncture the green ugly thing with the +8 short sword of Friendship!
You feel sick. The green ugly thing kicks you!
* * * LOW HITPOINT WARNING * * *
You are lethally poisoned!
The green ugly thing poisons you!
You feel much better.
* * * LOW HITPOINT WARNING * * *
You feel extremely sick. The green ugly thing kicks you!
* * * LOW HITPOINT WARNING * * *
You are more poisoned.
The green ugly thing poisons you!
It was a potion of degeneration.
There was something very wrong with that liquid.
You feel weakened.
You feel dopey.
You feel clumsy.
You die...

#....#.#.....#....#.# #...
#....#.#..........#.###...
#..#.#.#.#........#...#.§.
#....#.'....###...#§§§§§§.
#....########.#...#.§§~~P.
#..#....#..>..#...#~§§~~≈.
#.....#.#..####...#.~~~~..
#...[...#..#......#P~~~~..
#.....P.#@†#.#....#..P....
#...~.~P##u#.#....###.#...
#..~~~.~÷.YY.#....# #.#...
#..~~~~..##..#....# #.#...
#..~.~.......#....# #.#...
#............#....# #.'...
#..#.#.#..#..#....# #.#...
#....#.#..#..#....# #.#...
#....#.#..#..#....###.#...


You could see a green ugly thing (very poisoned), a yak and an ice beast.

Vanquished Creatures
  Pikel (D:9)
  A cyclops (D:7)
  5 unseen horror zombies (D:9)
  4 yaks (D:10)
  Eustachio (D:5)
  2 steam dragons
  Edmund (D:5)
  4 orc warriors
  5 sky beasts
  2 ice beasts
  A black bear (D:8)
  An ogre (D:5)
  A centaur (D:7)
  3 phantoms
  2 wolves (D:9)
  A lemure (D:9)
  A kobold brigand (D:6)
  13 scorpions
  3 bullfrogs
  2 gnoll sergeants
  11 wights
  8 killer bees
  3 howler monkeys
  A bombardier beetle (D:7)
  4 centaur zombies
  3 human zombies (Ossuary)
  3 jellies
  3 sleepcaps
  A gnoll bouda (D:9)
  5 orc priests
  A water moccasin simulacrum (D:7)
  6 hounds
  Jessica (D:2)
  Ijyb (D:3)
  Terence (D:3)
  5 iguanas
  5 orc wizards
  4 scorpion zombies (Ossuary)
  A killer bee zombie (D:9)
  3 mummies (Ossuary)
  3 howler monkey zombies (D:9)
  5 gnolls (D:9)
  4 adders
  2 shadow imps
  A white imp (D:7)
  4 ufetubi
  3 dart slugs
  A ribbon worm (D:2)
  27 orcs
  9 ball pythons
  6 bats
  2 endoplasms
  2 giant cockroaches
  7 hobgoblins
  2 jackals (D:2)
  7 kobolds
  2 quokkas (D:3)
  2 ball python zombies (Ossuary)
  4 frilled lizards
  6 goblins
  5 jackal zombies (Ossuary)
  5 orc zombies (Ossuary)
  6 rats
239 creatures vanquished.

Notes
Turn   | Place    | Note
-------+----------+-------------------------------------------
     0 | D:1      | senseless the Coglin Berserker began the quest for the Orb.
     0 | D:1      | Reached XP level 1. HP: 18/18 MP: 1/1
    93 | D:1      | Reached XP level 2. HP: 24/24 MP: 2/2
   695 | D:1      | Reached XP level 3. HP: 29/29 MP: 3/3
   922 | D:2      | Identified the +8 short sword of Friendship {speed, rN+
                  | Str+2 Dex-3 Stlth+}
  1039 | D:2      | Reached XP level 4. HP: 26/35 MP: 4/4
  1134 | D:2      | Noticed Jessica
  1144 | D:2      | Killed Jessica
  1183 | D:2      | Reached ** piety under Trog
  1832 | D:3      | Reached skill level 1 in Throwing
  1832 | D:3      | Reached XP level 5. HP: 42/42 MP: 5/5
  2163 | D:3      | Noticed Ijyb
  2179 | D:3      | Killed Ijyb
  2284 | D:3      | Noticed Terence
  2293 | D:3      | Killed Terence
  2797 | D:4      | Found a staircase to the Ecumenical Temple.
  2876 | D:4      | Found a stormy altar of Qazlal.
  2936 | D:4      | Reached XP level 6. HP: 49/49 MP: 6/6
  3354 | D:5      | Entered Level 5 of the Dungeon
  3435 | D:5      | Reached XP level 7. HP: 51/55 MP: 7/7
  3593 | D:5      | Reached skill level 5 in Fighting
  3648 | D:5      | Reached skill level 5 in Long Blades
  3751 | D:5      | Noticed Eustachio
  3762 | D:5      | Killed Eustachio
  4063 | D:5      | Noticed Edmund
  4079 | D:5      | Killed Edmund
  4080 | D:5      | Reached XP level 8. HP: 27/63 MP: 8/8
  4241 | D:5      | Found a snail-covered altar of Cheibriados.
  4483 | D:6      | Found a shimmering altar of Xom.
  4495 | D:6      | Found an opulent altar of Gozag.
  4656 | D:6      | Reached *** piety under Trog
  4747 | D:6      | Reached skill level 5 in Dodging
  5008 | D:6      | Found a blossoming altar of Fedhas.
  5024 | D:6      | Found a sand-covered staircase.
  5030 | Ossuary  | Entered an ossuary
  5154 | Ossuary  | Reached XP level 9. HP: 58/71 MP: 9/9
  5335 | Ossuary  | Reached **** piety under Trog
  6476 | D:6      | Identified the serpent talisman "Piet" {+Blink Dex-2 Slay+6
                  | SInv}
  6995 | D:7      | Found a shadowy altar of Dithmenos.
  7343 | D:7      | Reached XP level 10. HP: 75/80 MP: 10/10
  7364 | D:7      | Noticed a cyclops
  7382 | D:7      | Killed a cyclops
  7398 | D:7      | Identified the +0 robe of Hangman {MP+9}
  8249 | D:7      | Found a glowing silver altar of Zin.
  8529 | D:8      | Found a bloodstained altar of Trog.
  8659 | D:8      | Noticed an obsidian statue
  8936 | D:8      | Noticed an orange crystal statue
  9002 | D:8      | Reached skill level 5 in Throwing
  9494 | D:9      | Found an iron altar of Okawaru.
  9626 | D:9      | Noticed Pikel
  9651 | D:9      | Killed Pikel
  9750 | D:9      | Found a staircase to the Orcish Mines.
 10190 | D:9      | Reached ***** piety under Trog
 10191 | D:9      | Reached XP level 11. HP: 75/89 MP: 11/11
 11252 | D:10     | Entered Level 10 of the Dungeon
 11252 | D:10     | Noticed a red ugly thing
 11252 | D:10     | Noticed Sonja
 11287 | D:10     | Noticed a green ugly thing
 11322 | D:9      | HP: 1/90 [wolf (4)]
 11528 | D:9      | Succumbed to a green ugly thing's poison

Illustrated notes

Levels and vault maps discovered:
D:1:      nzn_arrival_crosshair, layout_basic
D:2:      cheibrodos_pilgrimage, layout_loops_ring, uniq_jessica
D:3:      layout_loops_corners, amcnicky_mini_pool_small, uniq_terence,
          uniq_ijyb
D:4:      layout_rooms, grunt_qazlal_sundering,
          minmay_temple_entry_gardened_gates, nicolae_elevator_lobby_plus
D:5:      layout_loops_ring, kennysheep_slug_shrine, uniq_eustachio, uniq_edmund
D:6:      layout_gridville, mainiacjoe_overflow_alcove_1,
          mainiacjoe_overflow_large_starburst, nicolae_ossuary_entry_plus,
          minivault_5, minmay_increasing_density
D:7:      minmay_the_grid_plus [minmay_the_grid_x,
          minmay_the_grid_minigrid_large, minmay_the_grid_tree,
          minmay_the_grid_aliased_spiral, minmay_the_grid_prize_diamond_cup],
          layout_gridville, nicolae_dithmenos_shadow_blocks,
          kennysheep_little_box
D:8:      minmay_separated_statues, layout_loops_ring,
          mainiacjoe_overflow_boulevard
D:9:      layout_stronghold, mainiacjoe_overflow_24_doors, orc_0_dummy,
          serial_undead, serial_undead_f, serial_undead_d, serial_undead_f,
          serial_undead_f, serial_undead_d, serial_undead_b, serial_undead_f,
          uniq_pikel
D:10:     minmay_diamond_stairs, layout_irregular_city,
          nemelex_xobeh_ov_fountains_minmay, hellmonk_lair_entry_icy,
          minmay_radiant, uniq_sonja, uniq_fannar

Skill      XL: |  1  2  3  4  5  6  7  8  9 10 |
---------------+-------------------------------+-----
Armour         | 2 |  2.2
Dodging        | 2 3 4 5 6 8 |  8.6
Throwing       | 1 2 3 4 5 |  5.9
Fighting       | 4 5 6 8 9 |  9.9
Long Blades    | 4 5 6 7 9 |  9.7

Action                     |  1- 3 |  4- 6 |  7- 9 | 10-12 || total
---------------------------+-------+-------+-------+-------++-------
  Melee: Falchion          |    45 |    99 |    31 |       ||   175
         Dagger            |    29 |       |       |       ||    29
         Short sword       |    10 |   101 |   299 |   351 ||   761
         Rapier            |       |       |   257 |   344 ||   601
  Throw: Dart              |       |     4 |     3 |       ||     7
         Boomerang         |       |       |     3 |    12 ||    15
 Invoke: Berserk           |       |       |     1 |     1 ||     2
    Use: Scroll            |       |       |     8 |       ||     8
         Potion            |       |       |       |     6 ||     6
   Stab: Sleeping          |       |     2 |     9 |     2 ||    13
         Distracted        |       |     1 |     1 |       ||     2
         Invisible         |       |       |     2 |       ||     2
 Armour: Animal skin       |    21 |       |       |       ||    21
         Robe              |     5 |     4 |       |       ||     9
         Ring mail         |       |    20 |       |       ||    20
         Leather armour    |       |    18 |   181 |   229 ||   428
         Skin              |       |       |       |    17 ||    17
  Dodge: Dodged            |    33 |    43 |   160 |   219 ||   455
         Repelled          |       |       |       |     3 ||     3

Table legend: (Time is in decaauts)
 A = Elapsed time spent in this place.
 B = Non-inter-level travel time spent in this place.
 C = Inter-level travel time spent in this place.
 D = Time resting spent in this place.
 E = Time spent auto-exploring this place.
 F = Levels seen in this place.
 G = Mean time per level.
                   A        B        C        D        E       F      G
               +--------+--------+--------+--------+--------+-----+--------+
         Total |  11369 |  10772 |    597 |    480 |   8369 |  11 | 1033.5 |
       Dungeon |  10683 |  10086 |    597 |    480 |   7893 |  10 | 1068.3 |
       Ossuary |    686 |    686 |      0 |      0 |    476 |   1 |  686.0 |
               +--------+--------+--------+--------+--------+-----+--------+

Top non-repeatable levels by time:
     D:9: 1996 daAuts
     D:6: 1732 daAuts
     D:7: 1323 daAuts
     D:8: 1130 daAuts
     D:5: 1112 daAuts
     D:3: 959 daAuts
     D:1: 918 daAuts
     D:2: 878 daAuts
 Ossuary: 686 daAuts
     D:4: 585 daAuts
    D:10: 48 daAuts
